 Dungeon Crawl Stone Soup version 0.20.1-1-g8b1a95d (webtiles) character file.

4559 kae the Martial Artist (level 10, -2/82 HPs)
             Began as a Demonspawn Gladiator on Sept 16, 2017.
             Was a Follower of Ru.
             Slain by a two-headed ogre
             ... wielding a +0 giant club
              (25 damage)
             ... on level 10 of the Dungeon.
             The game lasted 00:15:07 (12387 turns).

kae the Martial Artist (Demonspawn Gladiator)      Turns: 12387, Time: 00:15:08

Health: -2/82      AC:  7    Str: 14    XL:     10   Next: 18%
Magic:  18/18      EV: 13    Int: 11    God:    Ru [*.....]
Gold:   448        SH:  0    Dex: 17    Spells: 9/9 levels left

rFire    x . .     SeeInvis +     - Unarmed
rCold    . . .     Gourm    .   (no shield)
rNeg     . . .     Faith    .   a - +1 leather armour
rPois    +         Spirit   .   (helmet restricted)
rElec    +         Reflect  .   o - +0 cloak
rCorr    .         Harm     .   (no gloves)
MR       +....                  (no boots)
Stlth    ..........             (no amulet)
Regen    0.3/turn               u - ring of see invisible
MPRegen  0.2/turn               g - ring "Dufofif" {rElec rPois rF- MR+ MP+9}

@: no status effects
A: horns 1, yellow scales 1, demonic guardian 1, low mp 1, nightstalker 1, no
stealth
a: Renounce Religion


You were on level 10 of the Dungeon.
You worshipped Ru.
Ru was aware of your devotion.
You were not hungry.

You visited 2 branches of the dungeon, and saw 11 of its levels.

You collected 448 gold pieces.

Inventory:

Missiles
 c - a throwing net (quivered)
Armour
 a - a +1 leather armour (worn)
 b - a +0 helmet
 o - a +0 cloak (worn)
Jewellery
 g - the ring "Dufofif" (right hand) {rElec rPois rF- MR+ MP+9}
   (You found it on level 9 of the Dungeon)

   [ring of protection from magic]

   It makes you vulnerable to fire.
   It insulates you from electricity.
   It protects you from poison.
   It affects your resistance to hostile enchantments.
   It affects your magic capacity (+9).
 u - a ring of see invisible (left hand)
Wands
 h - a wand of iceblast (0/15)
 r - a wand of digging (8/24)
Scrolls
 f - 2 scrolls of magic mapping
 m - 3 scrolls of remove curse
 q - 3 scrolls of amnesia
 w - a scroll of fear {unknown}
 x - a scroll of enchant armour
 y - 2 scrolls of fog
 A - a scroll of blinking
Potions
 j - 6 potions of curing
 k - 2 potions of ambrosia
 l - a potion of magic
 n - a potion of agility
 p - 2 potions of heal wounds
 s - a potion of brilliance
 v - a potion of berserk rage
 z - a potion of mutation
Books
 e - a book of Callings

   Spells                             Type                      Level
   a - Summon Small Mammal            Summoning                    1
   b - Call Imp                       Summoning                    2
   c - Call Canine Familiar           Summoning                    3
   d - Summon Guardian Golem          Hexes/Summoning              3
   e - Summon Lightning Spire         Summoning/Air                4
   f - Summon Ice Beast               Ice/Summoning                4
 i - a book of Geomancy

   Spells                             Type                      Level
   a - Sandblast                      Earth                        1
   b - Passwall                       Transmutation/Earth          2
   c - Stone Arrow                    Conjuration/Earth            3
   d - Petrify                        Transmutation/Earth          4
   e - Lee's Rapid Deconstruction     Earth                        5
Comestibles
 d - 7 bread rations
 t - 9 meat rations


   Skills:
 + Level 8.8 Fighting
 - Level 1.7 Throwing
 - Level 2.6 Dodging
 * Level 11.4 Unarmed Combat


You had 9 spell levels left.
You didn't know any spells.

Dungeon Overview and Level Annotations

Branches:
Dungeon (10/15)            Temple (1/1) D:5
   Lair: D:8-11         Orc: D:9-12

Altars:
Ashenzari
Cheibriados
Dithmenos
Elyvilon
Fedhas
Gozag
Hepliaklqana
Kikubaaqudgha
Makhleb
Nemelex Xobeh
Okawaru
Qazlal
Ru
Sif Muna
Trog
Uskayaw
Vehumet
Xom
Yredelemnul
Zin
The Shining One

Shops:
D:8 *   D:10 [


Innate Abilities, Weirdness & Mutations

You have a pair of small horns on your head.
You are partially covered in yellow scales. (AC +2)
A weak demonic guardian rushes to your aid.
Your magical capacity is low. (-10% MP)
You are slightly more attuned to the shadows.
You cannot be stealthy.


Message History

Aiming: Iceblast (will waste charges)
Press: ? - help, Shift-Dir - straight line, f/p - two-headed ogre
Aim: a two-headed ogre, wielding two giant clubs (severely wounded, entangled in a net) Nothing appears to happen.
The two-headed ogre struggles against the net.
The two-headed ogre struggles against the net.
The two-headed ogre struggles against the net.
The net rips apart, and the two-headed ogre comes free!
The two-headed ogre hits you with a giant club!
* * * LOW HITPOINT WARNING * * *
The two-headed ogre barely misses you.
Your ufetubus hits the two-headed ogre. x2
Your ufetubus barely misses the two-headed ogre.
Your ufetubus hits the two-headed ogre.
Your ufetubus hits the two-headed ogre but does no damage. x2
Your ufetubus hits the two-headed ogre.
Your ufetubus hits the two-headed ogre but does no damage.
You completely miss the two-headed ogre.
The two-headed ogre is severely wounded.
The two-headed ogre hits you with a giant club!!
You die...

.......)........
..!.....⌠.⌠...#
.........∩....#
##.#####⌠.⌠#####
.. .......oo...+ #
#########.###
#......#5#
#.#..#.#O#
#.#..#.#@#####
#.#..#.........
#.#..#....######.#
#.#..#.#..#<......
#.#....#..........
#.##.###.########.
#.##.# #...#
#.##.#####.#
#.......†..#


You could see a two-headed ogre, an orc wizard (invisible) and a friendly
ufetubus.

Vanquished Creatures
  A centaur zombie (D:10)
  2 hippogriffs (D:7)
  2 hungry ghosts
  Eustachio (D:4)
  3 phantoms
  A black bear (D:6)
  A sky beast (D:5)
  4 ogres
  2 ice beasts
  A centaur (D:6)
  A crocodile (D:8)
  3 big kobolds
  2 bullfrogs
  A water moccasin zombie (D:6)
  3 wights (D:7)
  5 killer bees (D:8)
  2 crimson imps (D:5)
  5 hounds
  A jelly (D:5)
  An orc priest (D:5)
  9 orc wizards
  Crazy Yiuf (D:2)
  A centaur skeleton (D:6)
  3 bullfrog skeletons
  8 iguanas
  5 worker ants
  A hound zombie (D:8)
  2 hound skeletons
  A mummy (D:7)
  A worker ant zombie (D:8)
  8 adders
  3 oozes
  4 worms
  A dart slug (D:2)
  3 leopard geckos
  27 orcs
  2 giant cockroaches
  4 goblins
  4 hobgoblins
  7 jackals
  9 quokkas
  6 bats
  10 frilled lizards
  A hobgoblin zombie (D:7)
  18 kobolds
  3 kobold zombies (D:7)
  A leopard gecko skeleton (D:5)
  A quokka skeleton (D:4)
  A quokka zombie (D:6)
  3 rats
190 creatures vanquished.

Vanquished Creatures (collateral kills)
  A hippogriff (D:9)
  Sigmund (D:2)
  Menkaure (D:6)
  A bullfrog (D:7)
  A crimson imp (D:6)
  2 orc wizards
  A worker ant (D:6)
  A hound skeleton (D:4)
  An adder (D:6)
  3 orcs
13 creatures vanquished.

Vanquished Creatures (others)
  Psyche (D:8)
  An adder skeleton (D:7)
2 creatures vanquished.

Grand Total: 205 creatures vanquished

Notes
Turn   | Place    | Note
-------+----------+-------------------------------------------
     0 | D:1      | kae the Demonspawn Gladiator began the quest for the Orb.
     0 | D:1      | Reached XP level 1. HP: 16/16 MP: 1/1
   561 | D:1      | Reached skill level 3 in Unarmed Combat
   606 | D:1      | Gained mutation: You are partially covered in yellow scales. (AC +2) [demonic ancestry]
   606 | D:1      | Reached XP level 2. HP: 13/23 MP: 2/2
  1092 | D:2      | Gained mutation: A weak demonic guardian rushes to your aid. [demonic ancestry]
  1092 | D:2      | Reached XP level 3. HP: 21/28 MP: 3/3
  2054 | D:2      | Found a runed door.
  2094 | D:2      | Reached XP level 4. HP: 35/35 MP: 4/4
  2167 | D:2      | Noticed Sigmund
  2196 | D:2      | Killed Sigmund
  2196 | D:2      | Reached skill level 4 in Unarmed Combat
  2196 | D:2      | Gained mutation: You have a pair of small horns on your head. [demonic ancestry]
  2196 | D:2      | Reached XP level 5. HP: 29/41 MP: 5/5
  2418 | D:2      | Noticed Crazy Yiuf
  2454 | D:2      | Killed Crazy Yiuf
  3309 | D:4      | Reached skill level 5 in Unarmed Combat
  3330 | D:4      | Reached XP level 6. HP: 18/48 MP: 6/6
  3614 | D:4      | Noticed Eustachio
  3675 | D:4      | Killed Eustachio
  4131 | D:4      | Reached skill level 6 in Unarmed Combat
  4147 | D:4      | Reached XP level 7. HP: 52/55 MP: 7/7
  4176 | D:4      | Reached skill level 5 in Fighting
  4503 | D:5      | Entered Level 5 of the Dungeon
  4533 | D:5      | Found a staircase to the Ecumenical Temple.
  4550 | D:5      | Reached skill level 7 in Unarmed Combat
  5554 | D:5      | Reached XP level 8. HP: 38/64 MP: 8/8
  6236 | Temple   | Entered the Ecumenical Temple
  6345 | Temple   | Became a worshipper of Ru the Awakened
  7238 | D:6      | Reached skill level 8 in Unarmed Combat
  7283 | D:6      | Noticed Menkaure
  7290 | D:6      | Killed Menkaure
  8483 | D:7      | Reached skill level 9 in Unarmed Combat
  8641 | D:7      | Gained mutation: You are slightly more attuned to the shadows. [demonic ancestry]
  8641 | D:7      | Reached XP level 9. HP: 64/72 MP: 9/9
  8792 | D:7      | Gained mutation: Your magical capacity is low. (-10% MP) [Ru sacrifice]
  9717 | D:8      | Reached skill level 10 in Unarmed Combat
 10212 | D:8      | Noticed Psyche
 10370 | D:8      | Found an opulent altar of Gozag.
 10374 | D:8      | Found Gozag's Platinum Reserve.
 10473 | D:8      | Killed Psyche
 11829 | D:9      | Reached skill level 11 in Unarmed Combat
 11924 | D:9      | Got a heavily runed wooden ring
 11925 | D:9      | Identified the ring "Dufofif" {rElec rPois rF- MR+ MP+9} (You found it on level 9 of the Dungeon)
 11994 | D:9      | Reached XP level 10. HP: 82/82 MP: 9/9
 12009 | D:9      | Gained mutation: You cannot be stealthy. [Ru sacrifice]
 12009 | D:9      | Reached * piety under Ru
 12039 | D:9      | Found a deep blue altar of Sif Muna.
 12307 | D:10     | Entered Level 10 of the Dungeon
 12349 | D:10     | Found Niyl's Armour Boutique.
 12363 | D:10     | Noticed a two-headed ogre
 12387 | D:10     | Slain by a two-headed ogre

Skill      XL: |  1  2  3  4  5  6  7  8  9 |
---------------+----------------------------+-----
Unarmed Combat | 3 4 5 6 7 9 11 | 11.4
Fighting       | 3 4 5 7 8 |  8.8
Throwing       | |  1.7
Dodging        | |  2.6

Action                   |  1- 3 |  4- 6 |  7- 9 | 10-12 || total
-------------------------+-------+-------+-------+-------++-------
Melee: Unarmed           |   191 |   162 |   460 |    46 ||   859
       Punch             |     3 |     3 |    24 |     2 ||    32
       Headbutt          |       |    28 |    94 |     5 ||   127
Throw: Throwing net      |       |       |     2 |     1 ||     3
Invok: Sacrifice Essence |       |       |     1 |       ||     1
       Sacrifice Stealth |       |       |       |     1 ||     1
Evoke: Wand              |       |       |     1 |     2 ||     3
  Use: Scroll            |       |     5 |    13 |     3 ||    21
       Potion            |       |     1 |       |       ||     1
 Stab: Invisible         |       |     1 |       |       ||     1
       Distracted        |       |       |     3 |     2 ||     5
       Sleeping          |       |       |     5 |       ||     5
       Held in net/web   |       |       |     3 |       ||     3
  Eat: Chunk             |     4 |     6 |    16 |     3 ||    29
       Royal jelly       |       |       |     3 |       ||     3
       Bread ration      |       |       |     1 |       ||     1
Armor: Leather armour    |    77 |    62 |   101 |    12 ||   252
Dodge: Dodged            |    94 |   125 |   228 |    25 ||   472
